 Dungeon Crawl Stone Soup version 0.25-a0-310-g60f0ac2d9a (webtiles) character file.

Game seed: 537867978493520973, levelgen mode: classic

71 Borgoz the Cudgeler (level 4, -3/28 HPs)
             Began as a Gargoyle Berserker on Dec 24, 2019.
             Was a Believer of Trog.
             Slain by Grinder (5 damage)
             ... on level 3 of the Dungeon.
             The game lasted 00:01:38 (1440 turns).

Borgoz the Cudgeler (Gargoyle Berserker)            Turns: 1440, Time: 00:01:39

Health: -3/28      AC:  8    Str: 19 (20) XL:     4   Next: 24%
Magic:  4/4        EV: 12    Int:  5 (8)  God:    Trog [**....]
Gold:   106        SH:  0    Dex:  9 (10) Spells: 3/3 levels left

rFire    . . .     SeeInvis .   a - +0 mace
rCold    . . .     Gourm    .   (no shield)
rNeg     + . .     Faith    .   b - +0 animal skin
rPois    ∞         Spirit   .   h - +1 hat
rElec    +         Reflect  .   (no cloak)
rCorr    .         Harm     .   r - +0 pair of gloves
MR       .....                  (no boots)
Stlth    ..........             (no amulet)
HPRegen  0.09/turn              (no ring)
MPRegen  0.09/turn              n - ring of attention (curse)

@: berserk cooldown, slowed, very slow
A: negative energy resistance 1, electricity resistance, unbreathing,
petrification resistance, rot immunity, AC +3
a: Berserk, Trog's Hand, Renounce Religion


You were on level 3 of the Dungeon.
You worshipped Trog.
Trog was pleased with you.
You were very hungry.

You visited 1 branch of the dungeon, and saw 3 of its levels.

You collected 106 gold pieces.

Inventory:

Hand Weapons
 a - a +0 mace (weapon)
Armour
 b - a +0 animal skin (worn)
 h - a +1 hat (worn)
 r - a +0 pair of gloves (worn)
Jewellery
 l - an uncursed ring of fire
 n - a cursed ring of attention (right hand)
Scrolls
 d - a scroll of noise {unknown}
 g - 3 scrolls of identify {unknown}
 i - a scroll of remove curse {unknown}
 m - a scroll of fear {unknown}
 o - 3 scrolls of enchant weapon {unknown}
 p - 2 scrolls of fog {unknown}
Potions
 e - a potion of curing {unknown}
 j - a potion of haste {unknown}
 k - a potion of invisibility {unknown}
 q - a potion of degeneration
Comestibles
 c - 5 rations


   Skills:
 - Level 3.2 Fighting
 + Level 3.7 Maces & Flails
 + Level 3.2 Armour
 + Level 2.4 Dodging


You had 3 spell levels left.
You didn't know any spells.
Your spell library was empty.

Dungeon Overview and Level Annotations

Branches:
Dungeon (3/15)

Altars:

Annotations:
D:3 Grinder


Innate Abilities, Weirdness & Mutations

You are resistant to torment.
Your stone body is resilient. (AC +3)
You are immune to poison.
You resist negative energy. (rN+)
You are resistant to electric shocks. (rElec)
You can survive without breathing.
You are immune to petrification.
You are immune to rotting.


Message History

You feel yourself slow down.
There is an open door here.
There's a creature in the doorway!
You hit Grinder but do no damage.
Grinder is moderately wounded.
Grinder hits you.
* * * LOW HITPOINT WARNING * * *
You writhe in agony.
* * * LOW HITPOINT WARNING * * *
Grinder barely misses you.
Okay, then.
Okay, then.
It was a potion of degeneration.
There was something very wrong with that liquid.
You feel weakened.
You feel dopey.
You feel clumsy. Grinder gestures at you. Pain shoots through your body!
* * * LOW HITPOINT WARNING * * *
Grinder hits you.
You die...

#.# #.( ######
#.# #.. #...)#
#.# #....# #.#
#....# #.#
#...$# #.#
######...†# #.#
..........###.#
..........5@..#
..........#####
..........#
..........#
..........#
..........#
.###.......
#######.


You could see Grinder.

Vanquished Creatures
  2 adders (D:2)
  3 dart slugs (D:1)
  2 leopard geckos (D:2)
  3 giant cockroaches (D:2)
  6 hobgoblins
  4 jackals (D:2)
  4 kobolds
  A quokka (D:2)
  A ball python (D:2)
  A bat (D:3)
  5 frilled lizards
  6 goblins
  7 rats
45 creatures vanquished.

Notes
Turn   | Place    | Note
-------+----------+-------------------------------------------
     0 | D:1      | Borgoz the Gargoyle Berserker began the quest for the Orb.
     0 | D:1      | Reached XP level 1. HP: 14/14 MP: 1/1
   209 | D:1      | Reached XP level 2. HP: 18/19 MP: 2/2
   795 | D:2      | Reached XP level 3. HP: 22/23 MP: 3/3
   818 | D:2      | Reached ** piety under Trog
  1040 | D:2      | Reached XP level 4. HP: 19/28 MP: 4/4
  1419 | D:3      | Noticed Grinder
  1424 | D:3      | Paralysed by Grinder for 7 turns
  1440 | D:3      | Slain by Grinder

Levels and vault maps discovered:
D:1:      kennysheep_arrival_forest, layout_basic
D:2:      layout_rooms
D:3:      layout_basic, first_ration, uniq_grinder, uniq_ijyb

Skill      XL: |  1  2  3 |
---------------+----------+-----
Dodging        | 2 |  2.4
Armour         | 3 |  3.2
Fighting       | |  3.2
Maces & Flails | |  3.7

Action                   |  1- 3 |  4- 6 || total
-------------------------+-------+-------++-------
Melee: Mace              |   105 |    14 ||   119
Invok: Berserk           |     2 |     1 ||     3
  Use: Potion            |       |     1 ||     1
 Stab: Sleeping          |     1 |       ||     1
  Eat: Chunk             |     2 |     1 ||     3
Armor: Animal skin       |    49 |    19 ||    68
Dodge: Dodged            |    72 |    10 ||    82

Table legend:
 A = Non-vault XP
 B = Vault XP
 C = Vault XP percentage of total XP
 D = Non-vault monster count
 E = Vault monster count
 F = Vault count percentage of total count
                 A         B        C        D         E       F
            +---------+---------+-------+---------+---------+-------
      Total |     102 |       0 |   0.0 |      45 |       0 |   0.0
            +---------+---------+-------+---------+---------+-------
        D:1 |      27 |       0 |   0.0 |      14 |       0 |   0.0
        D:2 |      72 |       0 |   0.0 |      29 |       0 |   0.0
        D:3 |       3 |       0 |   0.0 |       2 |       0 |   0.0
            +---------+---------+-------+---------+---------+-------
